TOP OF THE 1ST |
University of North Carolina at Chapel Hill Tar Heels batting - Pitching for UCLA Bruins : LHP Brett Reed
|
Pitching: LHP Brett Reed
|
|
Batting: RHB David McDonald
|
0-0: Ball 1-0: Foul Ball, location: 2F 1-1: Ball 2-1: Fly out, F9 (Line Drive, 9, EV 107.5 MPH)
|
Batting: RHB Aaron Stout
|
0-0: Called Strike 0-1: Ball 1-1: SINGLE (Groundball, 6D, EV 96.9 MPH)
|
Batting: LHB Jason Raker
|
0-0: Called Strike 0-1: 2-RUN HOME RUN (Flyball, 8LXD, EV 116.3 MPH), Distance : 453 ft
|
Batting: RHB Sam Daw
|
0-0: Foul Ball, location: 2F 0-1: Ground out 6-3 (Groundball, 6, EV 84.4 MPH)
|
Batting: RHB George Boivin
|
0-0: Ball 1-0: Foul Ball, location: 2F 1-1: Ground out 5-3 (Groundball, 56, EV 78.1 MPH)
|
Top of the 1st over - 2 runs, 2 hits, 0 errors, 0 left on base; University of North Carolina at Chapel Hill 2 - UCLA 0 |
BOTTOM OF THE 1ST |
UCLA Bruins batting - Pitching for University of North Carolina at Chapel Hill Tar Heels : RHP Bill Porter
|
Pitching: RHP Bill Porter
|
|
Batting: SHB Jay Gagnon
|
0-0: Ground out 5-3 (Groundball, 56, EV 85.0 MPH)
|
Batting: RHB Robby Hickman
|
0-0: Called Strike 0-1: Ball 1-1: Ball 2-1: Foul Ball, location: 2F 2-2: Foul Ball, location: 2F 2-2: Ball 3-2: Fly out, F9 (Flyball, 9, EV 90.0 MPH)
|
Batting: RHB German Quiroga
|
0-0: Ball 1-0: Ball 2-0: Swinging Strike 2-1: Ball 3-1: Base on Balls
|
Batting: RHB Leo Gonzalez
|
0-0: Ball 1-0: 2-RUN HOME RUN (Flyball, 78XD, EV 107.5 MPH), Distance : 410 ft
|
Batting: RHB Ed Pittman
|
0-0: DOUBLE (Flyball, 8RXD, EV 104.4 MPH)
|
Batting: RHB Rusty Trader
|
0-0: Ball 1-0: Ball 2-0: Foul Ball, location: 2F 2-1: Ball 3-1: Base on Balls
|
Batting: RHB Eddie Serna
|
0-0: Called Strike 0-1: Foul Ball, location: 2F 0-2: Fly out, F4 (Popup, 34, EV 63.1 MPH)
|
Bottom of the 1st over - 2 runs, 2 hits, 0 errors, 2 left on base; University of North Carolina at Chapel Hill 2 - UCLA 2 |
TOP OF THE 2ND |
University of North Carolina at Chapel Hill Tar Heels batting - Pitching for UCLA Bruins : LHP Brett Reed
|
Batting: RHB Chris Skaff
|
0-0: Ball 1-0: Ball 2-0: Called Strike 2-1: Foul Ball, location: 2F 2-2: Strikes out looking
|
Batting: RHB Travis Robinson
|
0-0: Called Strike 0-1: Ball 1-1: Called Strike 1-2: Ball 2-2: Fly out, F3 (Popup, 3S, EV 72.5 MPH)
|
Batting: RHB Jonathan Livingston
|
0-0: Ball 1-0: Called Strike 1-1: Ball 2-1: Called Strike 2-2: Strikes out looking
|
Top of the 2nd over - 0 runs, 0 hits, 0 errors, 0 left on base; University of North Carolina at Chapel Hill 2 - UCLA 2 |
BOTTOM OF THE 2ND |
UCLA Bruins batting - Pitching for University of North Carolina at Chapel Hill Tar Heels : RHP Bill Porter
|
Batting: RHB Ernst Meloche
|
0-0: Foul Ball, location: 2F 0-1: Ground out 4-3 (Groundball, 4, EV 83.1 MPH)
|
Batting: RHB Lorenzo Diaz
|
0-0: DOUBLE (Line Drive, 78XD, EV 106.3 MPH)
|
Pinch Runner at 2nd Tony Leyba:
|
|
Batting: SHB Jay Gagnon
|
0-0: SINGLE (Line Drive, 4M, EV 105.6 MPH) Tony Leyba to third
|
Batting: RHB Robby Hickman
|
0-0: Ball 1-0: Fly out, F8 (Flyball, 89XD, EV 98.8 MPH) Runner from 3rd tags up, SCORES, no throw by CF
|
Batting: RHB German Quiroga
|
0-0: Swinging Strike 0-1: Fly out, F4 (Popup, 4, EV 57.5 MPH)
|
Bottom of the 2nd over - 1 run, 2 hits, 0 errors, 1 left on base; University of North Carolina at Chapel Hill 2 - UCLA 3 |
TOP OF THE 3RD |
University of North Carolina at Chapel Hill Tar Heels batting - Pitching for UCLA Bruins : LHP Brett Reed
|
Now at SS: Tony Leyba
|
|
Batting: RHB Norm Wood
|
0-0: Ball 1-0: Called Strike 1-1: Swinging Strike 1-2: Foul Ball, location: 2F 1-2: Ball 2-2: Strikes out looking
|
Batting: RHB David McDonald
|
0-0: Ball 1-0: Called Strike 1-1: Fly out, F3 (Popup, 3S, EV 73.1 MPH)
|
Batting: RHB Aaron Stout
|
0-0: Ball 1-0: Called Strike 1-1: Swinging Strike 1-2: Ball 2-2: Foul Ball, location: 2F 2-2: Strikes out swinging
|
Top of the 3rd over - 0 runs, 0 hits, 0 errors, 0 left on base; University of North Carolina at Chapel Hill 2 - UCLA 3 |
BOTTOM OF THE 3RD |
UCLA Bruins batting - Pitching for University of North Carolina at Chapel Hill Tar Heels : RHP Bill Porter
|
Batting: RHB Leo Gonzalez
|
0-0: Swinging Strike 0-1: Foul Ball, location: 2F 0-2: Ball 1-2: Ball 2-2: Ball 3-2: Fly out, F9 (Flyball, 89M, EV 94.4 MPH)
|
Batting: RHB Ed Pittman
|
0-0: Ball 1-0: Foul Ball, location: 2F 1-1: Swinging Strike 1-2: Foul Ball, location: 2F 1-2: Ground out 4-3 (Groundball, 4, EV 88.1 MPH)
|
Batting: RHB Rusty Trader
|
0-0: Called Strike 0-1: Ball 1-1: Ball 2-1: DOUBLE (Line Drive, 8RD, EV 101.9 MPH)
|
Batting: RHB Eddie Serna
|
0-0: Called Strike 0-1: DOUBLE (Line Drive, 89D, EV 108.1 MPH) Rusty Trader scores
|
Batting: RHB Ernst Meloche
|
0-0: Ball 1-0: SINGLE (Line Drive, 89M, EV 95.0 MPH) Eddie Serna to third Runner from 3rd tries for Home, SAFE, throw by CF to home
|
Batting: LHB Tony Leyba
|
0-0: Foul Ball, location: 2F 0-1: Ball 1-1: Ball 2-1: Ball 3-1: Swinging Strike 3-2: Base on Balls Ernst Meloche to second
|
Pitching: RHP Nate Vandergriff
|
|
Batting: SHB Jay Gagnon
|
0-0: Ball 1-0: DOUBLE (Line Drive, 78D, EV 104.4 MPH) Ernst Meloche scores Tony Leyba to third Runner from 3rd tries for Home, SAFE, throw by CF to trailing runner, OUT at third! 8-3-5
|
Bottom of the 3rd over - 4 runs, 4 hits, 0 errors, 0 left on base; University of North Carolina at Chapel Hill 2 - UCLA 7 |
TOP OF THE 4TH |
University of North Carolina at Chapel Hill Tar Heels batting - Pitching for UCLA Bruins : LHP Brett Reed
|
Batting: LHB Jason Raker
|
0-0: Swinging Strike 0-1: Ground out 6-3 (Groundball, 6S, EV 83.8 MPH)
|
Batting: RHB Sam Daw
|
0-0: Ball 1-0: Swinging Strike 1-1: Ball 2-1: Called Strike 2-2: Ground out 5-3 (Groundball, 56, EV 95.6 MPH)
|
Batting: RHB George Boivin
|
0-0: Called Strike 0-1: Foul Ball, location: 2F 0-2: SINGLE (Groundball, 56D, EV 101.3 MPH)
|
Batting: RHB Chris Skaff
|
0-0: Ball 1-0: Ball Passed Ball! George Boivin to second 2-0: Called Strike 2-1: Fly out, F8 (Flyball, 8LS, EV 83.1 MPH)
|
Top of the 4th over - 0 runs, 1 hit, 0 errors, 1 left on base; University of North Carolina at Chapel Hill 2 - UCLA 7 |
BOTTOM OF THE 4TH |
UCLA Bruins batting - Pitching for University of North Carolina at Chapel Hill Tar Heels : RHP Nate Vandergriff
|
Batting: RHB Robby Hickman
|
0-0: Ball 1-0: Ball 2-0: Foul Ball, location: 2F 2-1: Ball 3-1: Foul Ball, location: 2F 3-2: Base on Balls
|
Batting: RHB German Quiroga
|
0-0: Ball 1-0: Ball 2-0: Fly out, F3 (Popup, 3S, EV 83.8 MPH)
|
Batting: RHB Leo Gonzalez
|
0-0: Foul Ball, location: 2F 0-1: Foul Ball, location: 2F 0-2: Ball 1-2: Foul Ball, location: 2F 1-2: Fly out, F9 (Flyball, 9D, EV 98.1 MPH)
|
Batting: RHB Ed Pittman
|
0-0: Fly out, F9 (Flyball, 9LS, EV 89.4 MPH)
|
Bottom of the 4th over - 0 runs, 0 hits, 0 errors, 1 left on base; University of North Carolina at Chapel Hill 2 - UCLA 7 |
TOP OF THE 5TH |
University of North Carolina at Chapel Hill Tar Heels batting - Pitching for UCLA Bruins : LHP Brett Reed
|
Batting: RHB Travis Robinson
|
0-0: Ball 1-0: Fly out, F9 (Flyball, 9D, EV 101.3 MPH)
|
Batting: RHB Jonathan Livingston
|
0-0: Called Strike 0-1: Ball 1-1: Ball 2-1: Foul Ball, location: 2F 2-2: Foul Ball, location: 2F 2-2: Strikes out swinging
|
Batting: RHB Norm Wood
|
0-0: Ball 1-0: Swinging Strike 1-1: Ball 2-1: Foul Ball, location: 2F 2-2: Foul Ball, location: 2F 2-2: Ground out 5-3 (Groundball, 15, EV 90.6 MPH)
|
Top of the 5th over - 0 runs, 0 hits, 0 errors, 0 left on base; University of North Carolina at Chapel Hill 2 - UCLA 7 |
BOTTOM OF THE 5TH |
UCLA Bruins batting - Pitching for University of North Carolina at Chapel Hill Tar Heels : RHP Nate Vandergriff
|
Batting: RHB Rusty Trader
|
0-0: SINGLE (Line Drive, 89M, EV 97.5 MPH)
|
Batting: RHB Eddie Serna
|
0-0: Called Strike 0-1: Ball 1-1: Called Strike 1-2: Strikes out looking
|
Batting: RHB Ernst Meloche
|
0-0: Ball 1-0: Ball 2-0: Called Strike 2-1: Fly out, F7 (Flyball, 78M, EV 86.3 MPH)
|
Batting: LHB Tony Leyba
|
0-0: Ball 1-0: Foul Ball, location: 2F 1-1: Foul Ball, location: 2F 1-2: Strikes out looking
|
Bottom of the 5th over - 0 runs, 1 hit, 0 errors, 1 left on base; University of North Carolina at Chapel Hill 2 - UCLA 7 |
TOP OF THE 6TH |
University of North Carolina at Chapel Hill Tar Heels batting - Pitching for UCLA Bruins : LHP Brett Reed
|
Batting: RHB David McDonald
|
0-0: Fly out, F8 (Flyball, 8RM, EV 88.1 MPH)
|
Batting: RHB Aaron Stout
|
0-0: Ball 1-0: SINGLE (Groundball, 6D, EV 100.6 MPH)
|
Batting: LHB Jason Raker
|
0-0: Ground out U3 (Groundball, 3, EV 83.8 MPH) Aaron Stout to second
|
Batting: RHB Sam Daw
|
0-0: Ball 1-0: Called Strike 1-1: Ball 2-1: Ball 3-1: Fly out, F8 (Flyball, 8RXD, EV 83.1 MPH)
|
Top of the 6th over - 0 runs, 1 hit, 0 errors, 1 left on base; University of North Carolina at Chapel Hill 2 - UCLA 7 |
BOTTOM OF THE 6TH |
UCLA Bruins batting - Pitching for University of North Carolina at Chapel Hill Tar Heels : RHP Nate Vandergriff
|
Pitching: RHP Alvaro Patino
|
|
Batting: SHB Jay Gagnon
|
0-0: Foul Ball, location: 2F 0-1: Foul Ball, location: 2F 0-2: Reached on error, E4 (Groundball, 4, EV 100.6 MPH)
|
Batting: RHB Robby Hickman
|
0-0: Grounds into double play, 5-4-3 (Groundball, 5, EV 81.9 MPH)
|
Batting: RHB German Quiroga
|
0-0: Ball 1-0: Ball 2-0: Called Strike 2-1: Ball 3-1: Foul Ball, location: 2F 3-2: Base on Balls
|
Batting: RHB Leo Gonzalez
|
0-0: Called Strike 0-1: Swinging Strike 0-2: Ball 1-2: Ball 2-2: Ball 3-2: Ground out 5-3 (Groundball, 56, EV 88.1 MPH)
|
Bottom of the 6th over - 0 runs, 0 hits, 1 error, 1 left on base; University of North Carolina at Chapel Hill 2 - UCLA 7 |
TOP OF THE 7TH |
University of North Carolina at Chapel Hill Tar Heels batting - Pitching for UCLA Bruins : LHP Brett Reed
|
Batting: RHB George Boivin
|
0-0: Ball 1-0: Ball 2-0: Foul Ball, location: 2F 2-1: Ball 3-1: Foul Ball, location: 2F 3-2: Foul Ball, location: 2F 3-2: Strikes out swinging
|
Batting: RHB Chris Skaff
|
0-0: Ball 1-0: Called Strike 1-1: Called Strike 1-2: Ball 2-2: Ball 3-2: Strikes out looking
|
Batting: RHB Travis Robinson
|
0-0: Ball 1-0: Ground out 6-3 (Groundball, 6M, EV 83.8 MPH)
|
Top of the 7th over - 0 runs, 0 hits, 0 errors, 0 left on base; University of North Carolina at Chapel Hill 2 - UCLA 7 |
BOTTOM OF THE 7TH |
UCLA Bruins batting - Pitching for University of North Carolina at Chapel Hill Tar Heels : RHP Alvaro Patino
|
Batting: RHB Ed Pittman
|
0-0: Called Strike 0-1: Called Strike 0-2: Fly out, F8 (Line Drive, 8RD, EV 93.1 MPH)
|
Batting: RHB Rusty Trader
|
0-0: Ball 1-0: Swinging Strike 1-1: Ball 2-1: Ball 3-1: Foul Ball, location: 2F 3-2: Strikes out looking
|
Pitching: RHP Alex Ramirez
|
|
Batting: RHB Eddie Serna
|
0-0: Ball 1-0: Swinging Strike 1-1: Ball 2-1: Foul Ball, location: 2F 2-2: Fly out, F4 (Popup, 23, EV 76.9 MPH)
|
Bottom of the 7th over - 0 runs, 0 hits, 0 errors, 0 left on base; University of North Carolina at Chapel Hill 2 - UCLA 7 |
TOP OF THE 8TH |
University of North Carolina at Chapel Hill Tar Heels batting - Pitching for UCLA Bruins : LHP Brett Reed
|
Pitching: RHP Felipe Leon
|
|
Batting: RHB Jonathan Livingston
|
0-0: Fly out, F9 (Flyball, 9LM, EV 85.6 MPH)
|
Batting: RHB Norm Wood
|
0-0: Called Strike 0-1: Ball 1-1: Ball 2-1: Foul Ball, location: 2F 2-2: Strikes out swinging
|
Batting: RHB David McDonald
|
0-0: Called Strike 0-1: Fly out, F5 (Flyball, 5D, EV 88.1 MPH)
|
Top of the 8th over - 0 runs, 0 hits, 0 errors, 0 left on base; University of North Carolina at Chapel Hill 2 - UCLA 7 |
BOTTOM OF THE 8TH |
UCLA Bruins batting - Pitching for University of North Carolina at Chapel Hill Tar Heels : RHP Alex Ramirez
|
Batting: RHB Ernst Meloche
|
0-0: Foul Ball, location: 2F 0-1: Ball 1-1: Swinging Strike 1-2: Strikes out swinging
|
Batting: LHB Tony Leyba
|
0-0: Ball 1-0: Swinging Strike 1-1: Swinging Strike 1-2: Ball 2-2: Ball 3-2: Strikes out swinging
|
Batting: SHB Jay Gagnon
|
0-0: Ball 1-0: Ball 2-0: Ball 3-0: Called Strike 3-1: Ground out 4-3 (Groundball, 4, EV 80.6 MPH)
|
Bottom of the 8th over - 0 runs, 0 hits, 0 errors, 0 left on base; University of North Carolina at Chapel Hill 2 - UCLA 7 |
TOP OF THE 9TH |
University of North Carolina at Chapel Hill Tar Heels batting - Pitching for UCLA Bruins : RHP Felipe Leon
|
Batting: RHB Aaron Stout
|
0-0: Ball 1-0: Ball 2-0: DOUBLE (Flyball, 89D, EV 97.5 MPH)
|
Batting: LHB Jason Raker
|
0-0: Ball 1-0: SINGLE (Groundball, 34D, EV 103.1 MPH) Aaron Stout to third
|
Batting: RHB Sam Daw
|
|
Pinch Hitting: RHB Kazushige Hasegawa
|
0-0: Ball 1-0: Called Strike 1-1: Foul Ball, location: 2F 1-2: Grounds into double play, 4-6-3 (Groundball, 4MD, EV 91.9 MPH) Aaron Stout scores
|
Batting: RHB George Boivin
|
0-0: Ball 1-0: Foul Ball, location: 2F 1-1: Called Strike 1-2: Ball 2-2: Foul Ball, location: 2F 2-2: Ball 3-2: Ground out 4-3 (Groundball, 4M, EV 110.6 MPH)
|
Top of the 9th over - 1 run, 2 hits, 0 errors, 0 left on base; University of North Carolina at Chapel Hill 3 - UCLA 7 |
|